 Dungeon Crawl Stone Soup version 0.32-a0-450-g080537f31e (webtiles) character file.

Game seed: 7527614532959056574

21 Dordric the Slasher (level 2, 0/22 HPs)
             Began as a Coglin Gladiator on Feb 23, 2024.
             Slain by a ball python (2 damage)
             ... on level 1 of the Dungeon.
             The game lasted 00:01:23 (207 turns).

Dordric the Slasher (Coglin Gladiator)               Turns: 207, Time: 00:01:23

Health: 0/22       AC:  4    Str: 14    XL:     2   Next: 87%
Magic:  2/2        EV:  9    Int:  7    God:
Gold:   29         SH:  0    Dex: 15    Spells: 1/1 levels left

rFire   . . .        a - +0 long sword {Belessunu}
rCold   . . .        (no shield)
rNeg    . . .        b - +0 leather armour
rPois   .            c - +0 helmet
rElec   .            (no cloak)
rCorr   .            (no gloves)
SInv    .            (no boots)
Will    .....        (no amulet)
Stlth   +            (no ring)
HPRegen 0.23/turn    (no ring)
MPRegen 0.08/turn

%: no passive effects
@: immotile, constricted, revved
A: off-hand wielding, slow wielding, warmup strikes, legs shutdown
a: no special abilities


You were on level 1 of the Dungeon.
You visited 1 branch of the dungeon, and saw 1 of its levels.

You collected 29 gold pieces.

Inventory:

Hand Weapons
 a - a +0 long sword (weapon) {Belessunu}
Missiles
 d - 3 throwing nets (quivered)
 e - a javelin
Armour
 b - a +0 leather armour (worn)
 c - a +0 helmet (worn)
 k - a +0 chain mail
Jewellery
 h - a ring of positive energy
Scrolls
 g - a scroll of enchant armour {unknown}
 j - a scroll of vulnerability {unknown}
 l - a scroll of teleportation {unknown}
Potions
 f - a potion of degeneration {unknown}
 i - a potion of attraction {unknown}


   Skills:
 - Level 2.2 Fighting
 + Level 3.4 Long Blades
 - Level 2.0 Throwing
 - Level 2.9 Dodging


You had one spell level left.
You didn't know any spells.
Your spell library was empty.

Dungeon Overview and Level Annotations

Branches:
Dungeon (1/15)

Altars:


Innate Abilities, Weirdness & Mutations

You can wield a second weapon in your off-hand.
It takes a long time for you to wield or remove held weapons.
Your first few attacks do less damage.
Attacking and casting redirects power from your legs.


Message History

The ball python constricts you.
You are too injured to fight recklessly!
You are too injured to fight recklessly!
You are too injured to fight recklessly!
You are too injured to fight recklessly!
You are too injured to fight recklessly!
You are too injured to fight recklessly!
You are too injured to fight recklessly!
You are too injured to fight recklessly!
You are too injured to fight recklessly!
You are too injured to fight recklessly!
You are too injured to fight recklessly!
You are too injured to fight recklessly!
You are too injured to fight recklessly!
There are monsters nearby!
Unknown command.
You cannot move.
You barely miss the kobold. The kobold hits you with a +0 whip.
The quokka bites you but does no damage.
The ball python bites you but does no damage.
The ball python constricts you. The kobold hits you with a +0 whip.
* * * LOW HITPOINT WARNING * * *
The quokka bites you.
* * * LOW HITPOINT WARNING * * *
You cannot move.
Unknown command.
You cannot move.
You cannot move.
You cannot move.
You slash the kobold!
You kill the kobold!
The ball python bites you but does no damage.
The ball python constricts you.
* * * LOW HITPOINT WARNING * * *
The quokka bites you but does no damage.
The ball python barely misses you. The ball python constricts you.
You closely miss the rat.
The quokka bites you but does no damage.
The ball python bites you.
You die...

.. .. #. ... # ## . ## #....#..
.#.#... ##..#.#.# .#...
#.......g# ... ####..##.#.#S#r#
#.....##[#.†#@.# #.#..#...##.r.##
# ########## #......#..##.##..##
#......... ##....)............#
#.........
##....###.#..##..##..##.........
#....## #.....#.###..##.........
##..#########..#.# #.............
#..........##>...###.............
...)..####............#..........


You could see a quokka, a goblin, a ball python and a rat.

Vanquished Creatures
  2 dart slugs (D:1)
  3 ball pythons (D:1)
  A bat (D:1)
  3 endoplasms (D:1)
  2 giant cockroaches (D:1)
  A hobgoblin (D:1)
  A kobold (D:1)
  A goblin (D:1)
  A rat (D:1)
15 creatures vanquished.

Notes
Turn   | Place    | Note
-------+----------+-------------------------------------------
     0 | D:1      | Dordric the Coglin Gladiator began the quest for the Orb.
     0 | D:1      | Reached XP level 1. HP: 16/16 MP: 1/1
    52 | D:1      | Reached XP level 2. HP: 19/22 MP: 2/2
   207 | D:1      | Slain by a ball python

Illustrated notes

Levels and vault maps discovered:
D:1:      tekkud_arrival_beachfront_property, layout_rooms, minmay_box_of_dots

Skill      XL: |  1  2 |
---------------+-------+-----
Throwing       | 2 |  2.0
Fighting       | |  2.2
Long Blades    | |  3.4
Dodging        | |  2.9

Action                     || total
---------------------------++-------
  Melee: Long sword        ||    48
   Stab: Sleeping          ||     2
 Armour: Leather armour    ||    32
  Dodge: Dodged            ||    44

Table legend: (Time is in decaauts)
 A = Elapsed time spent in this place.
 B = Non-inter-level travel time spent in this place.
 C = Inter-level travel time spent in this place.
 D = Time resting spent in this place.
 E = Time spent auto-exploring this place.
 F = Levels seen in this place.
 G = Mean time per level.
                   A        B        C        D        E       F      G
               +--------+--------+--------+--------+--------+-----+--------+
         Total |    219 |    219 |      0 |      0 |     93 |   1 |  219.0 |
       Dungeon |    219 |    219 |      0 |      0 |     93 |   1 |  219.0 |
               +--------+--------+--------+--------+--------+-----+--------+

Top non-repeatable levels by time:
     D:1: 219 daAuts
